 Dungeon Crawl Stone Soup version 0.32-a0-616-g9348d4545b (webtiles) character file.

Game seed: 7357397701980305443

3434 Aneyh the Carver (level 10, -4/57 HPs)
             Began as a Tengu Monk on Mar 5, 2024.
             Was an Elder of Hepliaklqana.
             Slain by a hornet (16 damage)
             ... on level 9 of the Dungeon.
             The game lasted 00:13:48 (5918 turns).

Aneyh the Carver (Tengu Monk)                       Turns: 5918, Time: 00:13:49

Health: -4/57      AC:  4    Str: 12    XL:     10   Next: 5%
Magic:  11/11      EV: 21    Int: 11    God:    Hepliaklqana [****..]
Gold:   429        SH:  0    Dex: 26    Spells: 9/9 levels left

rFire   . . .        a - +0 falchion (flame)
rCold   + . .        (no shield)
rNeg    . . .        r - +0 leather armour {rC+}
rPois   .            (helmet restricted)
rElec   .            (no cloak)
rCorr   .            i - +0 pair of gloves
SInv    .            (boots unavailable)
Will    .....        A - amulet of magic regeneration
Stlth   ++           D - +6 ring of dexterity
HPRegen 0.29/turn    (no ring)
MPRegen 0.52/turn

%: acrobat
@: lethally poisoned (-4 -> -21), flying, slowed, very slow
A: reduced essence, beak, talons 3, evasive flight, acrobatic
a: Renounce Religion, Recall Ancestor, Ancestor Identity, Transference, Idealise


You were on level 9 of the Dungeon.
You worshipped Hepliaklqana.
Hepliaklqana was greatly pleased with you.
You visited 2 branches of the dungeon, and saw 10 of its levels.

You collected 429 gold pieces.

Inventory:

Hand Weapons
 a - a +0 falchion of flaming (weapon)
 b - a +0 arbalest
 p - a +2 war axe of electrocution
 q - a +0 trident
 w - a +0 falchion
 x - a +0 trident
 E - a +0 hand axe of freezing
 H - a +2 spear of venom
 I - a +0 halberd
 L - a +1 short sword of speed
 O - a +0 long sword
 P - a +5 spear
 Q - a +3 trident
 S - a +3 dire flail
Missiles
 s - 2 throwing nets (quivered)
Armour
 d - an orb of light
 i - a +0 pair of gloves (worn)
 l - a +0 ring mail
 m - a +0 robe
 r - a +0 leather armour of cold resistance (worn)
Jewellery
 g - an amulet of faith
 A - an amulet of magic regeneration (around neck)
 D - a +6 ring of dexterity (left hand)
 G - a ring of positive energy
 N - a ring of poison resistance
Wands
 v - a wand of iceblast (22)
 M - a wand of charming (13)
Scrolls
 c - 3 scrolls of blinking
 k - 4 scrolls of teleportation
 t - a scroll of summoning {unknown}
 y - 3 scrolls of fog {unknown}
 B - a scroll of noise {unknown}
 C - a scroll of immolation {unknown}
 K - 3 scrolls of identify
 T - a scroll of fear {unknown}
Potions
 e - 4 potions of attraction
 f - 4 potions of curing
 h - 2 potions of resistance {unknown}
 j - a potion of brilliance
 n - a potion of enlightenment {unknown}
 o - a potion of heal wounds
 u - a potion of haste {unknown}
 z - a potion of berserk rage
 F - a potion of ambrosia
 J - a potion of invisibility {unknown}
 R - a potion of magic {unknown}


   Skills:
 * Level 7.9 Fighting
 + Level 11.5 Long Blades
 - Level 3.0 Axes
 - Level 7.0 Dodging


You had 9 spell levels left.
You didn't know any spells.
Your spell library contained the following spells:

 Spells                   Type           Power      Damage    Failure   Level
 Foxfire                  Conj/Fire      0%         2x1d4     41%         1
 Ensorcelled Hibernation  Hex/Ice        0%         N/A       56%         2
 Dazzling Flash           Conj/Hex       0%         N/A       80%         3
 Fugue of the Fallen      Necr           0%         N/A       80%         3
 Mephitic Cloud           Conj/Alch/Air  0%         N/A       80%         3
 Anguish                  Hex/Necr       0%         N/A       99%         4
 Curse of Agony           Necr           0%         N/A       100%        5
 Silence                  Hex/Air        0%         N/A       100%        5


Dungeon Overview and Level Annotations

Branches:
Dungeon (9/15)             Temple (1/1) D:4
   Lair: D:8-11         Orc: D:9-12

Altars:
Ashenzari
Cheibriados
Dithmenos
Fedhas
Gozag
Hepliaklqana
Kikubaaqudgha
Makhleb
Nemelex Xobeh
Okawaru
Qazlal
Ru
Sif Muna
Trog
Uskayaw
Vehumet
Wu Jian
Xom
Yredelemnul
Zin
The Shining One

Shops:
D:3 [   D:5 :

Annotations:
D:5 3 runed translucent doors, tigertrap's ghost, novice DgFE


Innate Abilities, Weirdness & Mutations

Your life essence is reduced to manifest your ancestor. (-10% HP)
You have a beak for a mouth.
You have claws for feet.
Your magical flight helps you evade attacks. (EV +4)
You can magically evade attacks while moving or waiting.


Message History

a +0 dagger; a curare-tipped dart; a kobold corpse
T - a scroll labelled QEALIU BUIMOL
Items here: ( )) ††.
Things that are here:
a +0 dagger; 8 poisoned darts
Things that are here:
a +0 club; 2 stones; a kobold corpse You now have 429 gold pieces (gained 7).
Things that are here:
a +1 dagger of chaos; a +2 robe of cold resistance; the human corpse of Psyche You reach down and open the door.
A hornet comes into view.
Found a metallic amethyst potion.
A hornet is nearby!
Okay, then.
There is an open door here.
You hit the hornet but do no damage. You claw the hornet!
The hornet is moderately wounded.
The hornet stings you!
You feel yourself slow down.
You completely miss the hornet. You claw the hornet! You peck the hornet.
The hornet is heavily wounded.
The hornet closely misses you.
You hit the hornet. You burn the hornet. You claw the hornet, but do no damage.
Your peck misses the hornet.
The hornet is severely wounded.
You feel yourself speed up. The hornet stings you!
You are poisoned.
You feel yourself slow down. The hornet completely misses you.
Busip gestures at the hornet while chanting.
The puff of frost hits the hornet.
You hit the hornet but do no damage. Your kick misses the hornet.
The hornet is almost dead.
You feel sick. The hornet stings you!
* * * LOW HITPOINT WARNING * * *
You are lethally poisoned!
You feel as though you will be slow longer.
The hornet stings you!
You die...
Hepliaklqana delivers you to your ancestors.

######[R.......
#.......+....###.......
#.......# #...).......
#.......# ###..##'.'##
#.......# ##.#[#.#[#
#......!# #.###.###
#.......# #........
#.....y.# ##....... #@#
##...... #R# ##.####
#.# #..## #.# ##..# #.#
#####'## #.# #).....#
#.# #......# #.#
#......# #.# #......#


You could see the friendly Busip the battlemage and a hornet (ally target).

Vanquished Creatures
  A tengu warrior (D:9)
  A hornet (D:8)
  A water moccasin (D:6)
  A black bear (D:6)
  A sky beast (D:8)
  An ogre (D:4)
  A kobold brigand (D:9)
  2 bullfrogs
  3 scorpions
  A wight (D:9)
  2 killer bees (D:8)
  2 jellies
  An orc priest (D:4)
  4 bombardier beetles
  3 hounds
  An iguana (D:5)
  A sleepcap (D:8)
  An orc wizard (D:5)
  9 gnolls
  3 adders
  2 ribbon worms
  A dart slug (D:2)
  18 orcs
  8 ball pythons
  8 endoplasms
  4 giant cockroaches
  11 hobgoblins
  A jackal (D:5)
  A quokka (D:4)
  6 bats
  2 frilled lizards
  13 goblins
  8 kobolds
  2 rats (D:1)
125 creatures vanquished.

Vanquished Creatures (collateral kills)
  Psyche (D:9)
  A wyvern (D:9)
  A centaur (D:7)
  A bullfrog (D:7)
  A scorpion (D:4)
  4 wights (D:9)
  2 killer bees (D:8)
  2 hounds
  2 orc priests
  An iguana (D:5)
  3 orc wizards
  2 gnolls
  An adder (D:5)
  2 white imps (D:6)
  13 orcs
  A hobgoblin (D:4)
  A jackal (D:5)
  6 kobolds
45 creatures vanquished.

Vanquished Creatures (others)
  2 battlemagi
2 creatures vanquished.

Grand Total: 172 creatures vanquished

Notes
Turn   | Place    | Note
-------+----------+-------------------------------------------
     0 | D:1      | Aneyh the Tengu Monk began the quest for the Orb.
     0 | D:1      | Reached XP level 1. HP: 14/14 MP: 2/2
   141 | D:1      | Reached XP level 2. HP: 16/19 MP: 3/3
   147 | D:1      | Reached skill level 4 in Long Blades
   632 | D:2      | Reached XP level 3. HP: 23/23 MP: 4/4
   673 | D:2      | Reached skill level 5 in Long Blades
  1026 | D:2      | Reached XP level 4. HP: 28/28 MP: 5/5
  1245 | D:3      | Found a glowing silver altar of Zin.
  1379 | D:3      | Found Enogis's Antique Armour Shoppe.
  1535 | D:3      | Found a faded altar of an unknown god.
  1544 | D:3      | Got Plato's Directory of Cinders
  1829 | D:4      | Found a broken altar of Ashenzari.
  1920 | D:4      | Found a staircase to the Ecumenical Temple.
  1929 | Temple   | Entered the Ecumenical Temple
  1949 | Temple   | Became a worshipper of Hepliaklqana the Forgotten
  1949 | Temple   | Reached * piety under Hepliaklqana
  1949 | Temple   | Reached ** piety under Hepliaklqana
  1950 | Temple   | Remembered your ancestor Busip as a battlemage
  1984 | D:4      | Reached XP level 5. HP: 16/28 MP: 6/6
  1992 | D:4      | Reached skill level 5 in Dodging
  2094 | D:4      | Noticed an ogre
  2103 | D:4      | Killed an ogre
  2104 | D:4      | Reached XP level 6. HP: 5/33 MP: 7/7
  2888 | D:5      | Entered Level 5 of the Dungeon
  2897 | D:5      | Gained mutation: Your magical flight helps you evade
                  | attacks. (EV +4) [Tengu growth]
  2897 | D:5      | Reached XP level 7. HP: 36/36 MP: 8/8
  2942 | D:5      | Reached skill level 6 in Long Blades
  3188 | D:5      | Noticed tigertrap's ghost (novice DgFE)
  3231 | D:5      | Found a runed translucent gate.
  3232 | D:5      | Found a runed translucent gate.
  3233 | D:5      | Found a runed translucent gate.
  3245 | D:5      | Reached XP level 8. HP: 37/43 MP: 9/9
  3251 | D:5      | Reached skill level 7 in Long Blades
  3380 | D:5      | Found Teutzay's Book Boutique.
  3461 | D:6      | Reached skill level 5 in Fighting
  3478 | D:6      | Reached *** piety under Hepliaklqana
  3549 | D:6      | Reached skill level 1 in Axes
  3696 | D:6      | Reached skill level 8 in Long Blades
  4755 | D:7      | Reached **** piety under Hepliaklqana
  4854 | D:8      | Reached XP level 9. HP: 49/49 MP: 10/10
  4891 | D:8      | Noticed a hornet
  4897 | D:8      | Reached skill level 9 in Long Blades
  4899 | D:8      | Killed a hornet
  5352 | D:9      | Reached skill level 10 in Long Blades
  5624 | D:9      | Noticed a +0 dagger
  5625 | D:9      | Noticed a +0 hand axe
  5626 | D:9      | Found a hide-covered altar of Uskayaw.
  5647 | D:9      | Noticed a tengu warrior
  5668 | D:9      | Killed a tengu warrior
  5669 | D:9      | Reached skill level 11 in Long Blades
  5778 | D:9      | Found the +18 Lear's hauberk
  5831 | D:9      | Noticed Psyche
  5839 | D:9      | Killed Psyche
  5840 | D:9      | Reached XP level 10. HP: 51/57 MP: 11/11
  5918 | D:9      | Slain by a hornet

Illustrated notes

Levels and vault maps discovered:
D:1:      spicycebolla_arrival_xxxplode, layout_basic
D:2:      layout_loops_ring
D:3:      layout_basic, lemuel_crystal_altar, serial_shops,
          nicolae_shop_tiny_glass, shapermc_ecumenical_altar_rom_forum,
          st_stairs_14, minmay_surrounded
D:4:      corexii_shack_village, layout_basic, evilmike_ruin_ashenzari,
          minmay_temple_entry_slanted
D:5:      layout_cave_pools, serial_shops, shop, gammafunk_ghost_icy
D:6:      layout_basic
D:7:      layout_cave_pods
D:8:      layout_basic
D:9:      layout_roguey, dancing_weapons_uskayaw,
          nicolae_overflow_hidden_temple, hellmonk_guarded_unrand_lears,
          uniq_psyche
Temple:   compressed_dpeg_circular_temple

Skill      XL: |  1  2  3  4  5  6  7  8  9 |
---------------+----------------------------+-----
Long Blades    | 4 5 6 8 11 | 11.5
Dodging        | 4 6 7 |  7.0
Fighting       | 4 5 7 |  7.9
Axes           | 2 3 |  3.0

Action                     |  1- 3 |  4- 6 |  7- 9 | 10-12 || total
---------------------------+-------+-------+-------+-------++-------
  Melee: Falchion          |    55 |    35 |   110 |    12 ||   212
         Kick              |    17 |    32 |    37 |     3 ||    89
         Peck              |    12 |    16 |    22 |     2 ||    52
         Short sword       |     8 |    89 |       |       ||    97
   Fire: Orcbow            |       |       |     6 |       ||     6
  Throw: Throwing net      |       |     1 |     1 |       ||     2
 Invoke: Ancestor Life: Ba |       |     1 |       |       ||     1
    Use: Potion            |     1 |       |     1 |       ||     2
         Scroll            |       |     3 |     4 |       ||     7
   Stab: Sleeping          |     3 |     2 |     5 |       ||    10
         Distracted        |       |       |     1 |       ||     1
 Armour: Robe              |    28 |    16 |       |       ||    44
         Leather armour    |       |    21 |    31 |     7 ||    59
  Dodge: Dodged            |    55 |    80 |   116 |    13 ||   264

Table legend: (Time is in decaauts)
 A = Elapsed time spent in this place.
 B = Non-inter-level travel time spent in this place.
 C = Inter-level travel time spent in this place.
 D = Time resting spent in this place.
 E = Time spent auto-exploring this place.
 F = Levels seen in this place.
 G = Mean time per level.
                   A        B        C        D        E       F      G
               +--------+--------+--------+--------+--------+-----+--------+
         Total |   5879 |   5737 |    142 |    448 |   4250 |  10 |  587.9 |
       Dungeon |   5836 |   5710 |    126 |    448 |   4250 |   9 |  648.4 |
        Temple |     42 |     26 |     16 |      0 |      0 |   1 |   42.0 |
               +--------+--------+--------+--------+--------+-----+--------+

Top non-repeatable levels by time:
     D:4: 983 daAuts
     D:7: 765 daAuts
     D:2: 689 daAuts
     D:9: 633 daAuts
     D:6: 626 daAuts
     D:3: 602 daAuts
     D:5: 560 daAuts
     D:1: 531 daAuts
     D:8: 443 daAuts
  Temple: 42 daAuts
